| TOP OF THE 1ST |
|
Minot Jets batting - Pitching for Great Falls Voyagers : LHP Manny Huerta
|
|
Pitching: LHP Manny Huerta
|
|
|
Batting: SHB Ken Kinnard
|
0-0: Foul Ball, location: 2F 0-1: Fly out, F4 (Popup, 4M, EV 53.8 MPH)
|
|
Batting: RHB William Phillips
|
0-0: Ball 1-0: Swinging Strike 1-1: Foul Ball, location: 2F 1-2: Ball 2-2: Ball 3-2: Base on Balls
|
|
Batting: LHB Douglas Reibel
|
0-0: Ball 1-0: Called Strike 1-1: Ball William Phillips steals 2nd base (no throw) 2-1: Ground out 6-3 (Groundball, 6, EV 78.8 MPH) William Phillips to third
|
|
Batting: RHB Anthony Garcia
|
0-0: Ball 1-0: Ground out 6-3 (Groundball, 6, EV 102.5 MPH)
|
| Top of the 1st over - 0 runs, 0 hits, 0 errors, 1 left on base; Minot 0 - Great Falls 0 |
| BOTTOM OF THE 1ST |
|
Great Falls Voyagers batting - Pitching for Minot Jets : RHP Mike Villa
|
|
Pitching: RHP Mike Villa
|
|
|
Batting: LHB Jose Fernandez
|
0-0: Swinging Strike 0-1: Foul Ball, location: 2F 0-2: Ground out 4-3 (Groundball, 4M, EV 101.3 MPH)
|
|
Batting: LHB Juan Villaescusa
|
0-0: Called Strike 0-1: Called Strike 0-2: Ball 1-2: Ground out 6-3 (Groundball, 6, EV 84.4 MPH)
|
|
Batting: RHB Johnny Paredes
|
0-0: Ball 1-0: Foul Ball, location: 2F 1-1: Ball 2-1: Ground out 6-3 (Groundball, 6, EV 101.3 MPH)
|
| Bottom of the 1st over - 0 runs, 0 hits, 0 errors, 0 left on base; Minot 0 - Great Falls 0 |
| TOP OF THE 2ND |
|
Minot Jets batting - Pitching for Great Falls Voyagers : LHP Manny Huerta
|
|
Batting: RHB Jim Dickerson
|
0-0: Ball 1-0: Ball 2-0: Ball 3-0: Called Strike 3-1: Base on Balls
|
|
Batting: LHB Theodore Milner
|
0-0: Called Strike 0-1: Grounds into double play, 4-6-3 (Groundball, 4, EV 105.6 MPH)
|
|
Batting: RHB David Griego
|
0-0: Fly out, F4 (Line Drive, 4, EV 63.8 MPH)
|
| Top of the 2nd over - 0 runs, 0 hits, 0 errors, 0 left on base; Minot 0 - Great Falls 0 |
| BOTTOM OF THE 2ND |
|
Great Falls Voyagers batting - Pitching for Minot Jets : RHP Mike Villa
|
|
Batting: RHB Jose Gomez
|
0-0: Called Strike 0-1: Ball 1-1: Ball 2-1: Swinging Strike 2-2: Ball 3-2: Ground out 5-3 (Groundball, 5, EV 95.0 MPH)
|
|
Batting: SHB John Kanter
|
0-0: Ball 1-0: Foul Ball, location: 2F 1-1: SINGLE (Line Drive, 5D, EV 105.0 MPH)
|
|
Batting: SHB Gerald Young
|
0-0: Ball 1-0: Called Strike 1-1: Ball 2-1: Ball 3-1: Base on Balls John Kanter to second
|
|
Batting: LHB John Yari
|
0-0: Ball 1-0: Fielders Choice at 2nd, 3-6 (Groundball, 34S, EV 86.3 MPH) John Kanter to third
|
|
Batting: RHB Anthony Notaroberto
|
0-0: Ball 1-0: Swinging Strike 1-1: Foul Ball, location: 2F 1-2: Ball 2-2: SINGLE (Line Drive, 78M, EV 93.1 MPH) John Kanter scores John Yari to second
|
|
Batting: RHB Harvey Wilkerson
|
0-0: Called Strike 0-1: Foul Ball, location: 2F 0-2: Ground out 4-3 (Groundball, 4, EV 80.0 MPH)
|
| Bottom of the 2nd over - 1 run, 2 hits, 0 errors, 2 left on base; Minot 0 - Great Falls 1 |
| TOP OF THE 3RD |
|
Minot Jets batting - Pitching for Great Falls Voyagers : LHP Manny Huerta
|
|
Batting: RHB Jesus Aybar
|
0-0: Swinging Strike 0-1: Ball 1-1: Foul Ball, location: 2F 1-2: Strikes out swinging
|
|
Batting: RHB Hugo Olivas
|
0-0: Foul Ball, location: 2F 0-1: Ball 1-1: Foul Ball, location: 2F 1-2: Strikes out swinging
|
|
Batting: SHB Ken Kinnard
|
0-0: Swinging Strike 0-1: SINGLE (Line Drive, 9S, EV 89.4 MPH)
|
|
Batting: RHB William Phillips
|
0-0: Ball Ken Kinnard is caught stealing 2nd base 2-4
|
| Top of the 3rd over - 0 runs, 1 hit, 0 errors, 0 left on base; Minot 0 - Great Falls 1 |
| BOTTOM OF THE 3RD |
|
Great Falls Voyagers batting - Pitching for Minot Jets : RHP Mike Villa
|
|
Batting: LHB Jose Fernandez
|
0-0: Ground out 1-3 (Groundball, 34S, EV 61.9 MPH)
|
|
Batting: LHB Juan Villaescusa
|
0-0: Ball 1-0: Fly out, F8 (Flyball, 8LD, EV 92.5 MPH)
|
|
Batting: RHB Johnny Paredes
|
0-0: Called Strike 0-1: Foul Ball, location: 2F 0-2: Ball 1-2: Strikes out swinging
|
| Bottom of the 3rd over - 0 runs, 0 hits, 0 errors, 0 left on base; Minot 0 - Great Falls 1 |
| TOP OF THE 4TH |
|
Minot Jets batting - Pitching for Great Falls Voyagers : LHP Manny Huerta
|
|
Batting: RHB William Phillips
|
0-0: Ball 1-0: Ball 2-0: SINGLE (Line Drive, 8RS, EV 89.4 MPH)
|
|
Batting: LHB Douglas Reibel
|
0-0: Called Strike William Phillips steals 2nd base 0-1: Ball 1-1: Called Strike 1-2: Ball 2-2: Foul Ball, location: 2F 2-2: Foul Ball, location: 2F 2-2: Ball 3-2: Base on Balls
|
|
Batting: RHB Anthony Garcia
|
0-0: Ball 1-0: Fielders Choice at 2nd, 5-4 (Groundball, 56S, EV 85.0 MPH) William Phillips to third
|
|
Batting: RHB Jim Dickerson
|
0-0: Called Strike Anthony Garcia is caught stealing 2nd base 2-4 0-1: Swinging Strike 0-2: Strikes out swinging, 2-3 out at first.
|
| Top of the 4th over - 0 runs, 1 hit, 0 errors, 1 left on base; Minot 0 - Great Falls 1 |
| BOTTOM OF THE 4TH |
|
Great Falls Voyagers batting - Pitching for Minot Jets : RHP Mike Villa
|
|
Batting: RHB Jose Gomez
|
0-0: Ball 1-0: Ball 2-0: Foul Ball, location: 2F 2-1: Ball 3-1: Called Strike 3-2: Base on Balls
|
|
Batting: SHB John Kanter
|
0-0: Foul Ball, location: 2F 0-1: Ball Balk! Jose Gomez to second 1-1: Ground out 4-3 (Groundball, 4S, EV 83.1 MPH) Jose Gomez to third
|
|
Batting: SHB Gerald Young
|
0-0: Ball 1-0: Fly out, F8 (Flyball, 8RD, EV 90.6 MPH)
|
|
Batting: LHB John Yari
|
0-0: Ball 1-0: Ball 2-0: Called Strike 2-1: Ball 3-1: Swinging Strike 3-2: Ground out 5-3 (Groundball, 56, EV 111.3 MPH)
|
| Bottom of the 4th over - 0 runs, 0 hits, 0 errors, 1 left on base; Minot 0 - Great Falls 1 |
| TOP OF THE 5TH |
|
Minot Jets batting - Pitching for Great Falls Voyagers : LHP Manny Huerta
|
|
Batting: LHB Theodore Milner
|
0-0: Called Strike 0-1: Called Strike 0-2: Ground out 3-1 (Groundball, 34, EV 98.1 MPH)
|
|
Batting: RHB David Griego
|
0-0: Ball 1-0: Ball 2-0: Ball 3-0: Called Strike 3-1: Ground out 4-3 (Groundball, 4, EV 82.5 MPH)
|
|
Batting: RHB Jesus Aybar
|
0-0: Swinging Strike 0-1: Ball 1-1: Ball 2-1: Swinging Strike 2-2: Foul Ball, location: 2F 2-2: Strikes out looking
|
| Top of the 5th over - 0 runs, 0 hits, 0 errors, 0 left on base; Minot 0 - Great Falls 1 |
| BOTTOM OF THE 5TH |
|
Great Falls Voyagers batting - Pitching for Minot Jets : RHP Mike Villa
|
|
Batting: RHB Anthony Notaroberto
|
0-0: Bunted foul 0-1: Ground out 6-3 (Groundball, 6, EV 88.8 MPH)
|
|
Batting: RHB Harvey Wilkerson
|
0-0: Fly out, F9 (Flyball, 89D, EV 86.3 MPH)
|
|
Batting: LHB Jose Fernandez
|
0-0: DOUBLE (Flyball, 78XD, EV 101.3 MPH)
|
|
Batting: LHB Juan Villaescusa
|
0-0: Foul Ball, location: 2F 0-1: Ball 1-1: Ground out 4-3 (Groundball, 34, EV 103.1 MPH)
|
| Bottom of the 5th over - 0 runs, 1 hit, 0 errors, 1 left on base; Minot 0 - Great Falls 1 |
| TOP OF THE 6TH |
|
Minot Jets batting - Pitching for Great Falls Voyagers : LHP Manny Huerta
|
|
Batting: RHB Hugo Olivas
|
0-0: Called Strike 0-1: Foul Ball, location: 2F 0-2: Ground out 6-3 (Groundball, 6, EV 88.8 MPH)
|
|
Batting: SHB Ken Kinnard
|
0-0: Called Strike 0-1: Ball 1-1: Swinging Strike 1-2: Foul Ball, location: 2F 1-2: Foul Ball, location: 2F 1-2: Foul Ball, location: 2F 1-2: Ball 2-2: Foul Ball, location: 2F 2-2: SINGLE (Groundball, 4M, EV 103.8 MPH) (infield hit)
|
|
Batting: RHB William Phillips
|
0-0: Ball 1-0: Ball 2-0: Swinging Strike 2-1: Called Strike 2-2: Fielders Choice at 2nd, 6-4 (Groundball, 56, EV 111.3 MPH)
|
|
Batting: LHB Douglas Reibel
|
0-0: Ball 1-0: Ball 2-0: Foul Ball, location: 2F 2-1: Swinging Strike 2-2: Foul Ball, location: 2F 2-2: Ball 3-2: Base on Balls William Phillips to second
|
|
Batting: RHB Anthony Garcia
|
0-0: Called Strike 0-1: Ball 1-1: Fly out, F4 (Flyball, 34D, EV 80.6 MPH)
|
| Top of the 6th over - 0 runs, 1 hit, 0 errors, 2 left on base; Minot 0 - Great Falls 1 |
| BOTTOM OF THE 6TH |
|
Great Falls Voyagers batting - Pitching for Minot Jets : RHP Mike Villa
|
|
Batting: RHB Johnny Paredes
|
0-0: SINGLE (Line Drive, 89M, EV 105.6 MPH)
|
|
Batting: RHB Jose Gomez
|
0-0: Ball 1-0: Ball 2-0: Ball Wild Pitch! Johnny Paredes to second 3-0: Called Strike 3-1: DOUBLE (Groundball, 5L, EV 100.6 MPH) Johnny Paredes scores
|
|
Batting: SHB John Kanter
|
0-0: Called Strike 0-1: Ball 1-1: Swinging Strike 1-2: Ball 2-2: Ground out U3 (Groundball, 3S, EV 85.6 MPH) Jose Gomez to third
|
|
Batting: SHB Gerald Young
|
0-0: Ball 1-0: Swinging Strike 1-1: Foul Ball, location: 2F 1-2: Ground out 4-3 (Groundball, 4, EV 91.9 MPH) Jose Gomez scores
|
|
Batting: LHB John Yari
|
0-0: Ball 1-0: Ball 2-0: Ball 3-0: Base on Balls
|
|
Batting: RHB Anthony Notaroberto
|
0-0: Called Strike 0-1: Ball 1-1: Foul Ball, location: 2F 1-2: Foul Ball, location: 2F 1-2: Foul Ball, location: 2F 1-2: SINGLE (Groundball, P, EV 88.1 MPH) (infield hit) John Yari to second
|
|
Batting: RHB Harvey Wilkerson
|
0-0: Ball 1-0: Called Strike 1-1: Ball 2-1: Swinging Strike 2-2: Foul Ball, location: 2F 2-2: Fly out, F7 (Flyball, 7, EV 92.5 MPH)
|
| Bottom of the 6th over - 2 runs, 3 hits, 0 errors, 2 left on base; Minot 0 - Great Falls 3 |
| TOP OF THE 7TH |
|
Minot Jets batting - Pitching for Great Falls Voyagers : LHP Manny Huerta
|
|
Batting: RHB Jim Dickerson
|
0-0: Swinging Strike 0-1: Foul Ball, location: 2F 0-2: Ball 1-2: Ball 2-2: Ball 3-2: Base on Balls
|
|
Batting: LHB Theodore Milner
|
0-0: Called Strike 0-1: Grounds into double play, 4-6-3 (Groundball, 4, EV 82.5 MPH)
|
|
Batting: RHB David Griego
|
0-0: Called Strike 0-1: Called Strike 0-2: Foul Ball, location: 2F 0-2: Strikes out swinging
|
| Top of the 7th over - 0 runs, 0 hits, 0 errors, 0 left on base; Minot 0 - Great Falls 3 |
| BOTTOM OF THE 7TH |
|
Great Falls Voyagers batting - Pitching for Minot Jets : RHP Mike Villa
|
|
Batting: LHB Jose Fernandez
|
0-0: Ground out 5-3 (Groundball, 56S, EV 85.0 MPH)
|
|
Batting: LHB Juan Villaescusa
|
0-0: Foul Ball, location: 2F 0-1: Ground out 6-3 (Groundball, 6, EV 82.5 MPH)
|
|
Batting: RHB Johnny Paredes
|
0-0: Ball 1-0: Foul Ball, location: 2F 1-1: Fly out, F3 (Popup, 3S, EV 80.0 MPH)
|
| Bottom of the 7th over - 0 runs, 0 hits, 0 errors, 0 left on base; Minot 0 - Great Falls 3 |
| TOP OF THE 8TH |
|
Minot Jets batting - Pitching for Great Falls Voyagers : LHP Manny Huerta
|
|
Pitching: RHP Brian Roerden
|
|
|
Batting: RHB Jesus Aybar
|
0-0: Fly out, F9 (Flyball, 9S, EV 87.5 MPH)
|
|
Batting: RHB Hugo Olivas
|
0-0: Ball 1-0: Called Strike 1-1: Ball 2-1: Ground out 4-3 (Groundball, 4, EV 107.5 MPH)
|
|
Batting: SHB Ken Kinnard
|
0-0: Ball 1-0: Ball 2-0: Called Strike 2-1: Fly out, F8 (Line Drive, 8LM, EV 91.9 MPH)
|
| Top of the 8th over - 0 runs, 0 hits, 0 errors, 0 left on base; Minot 0 - Great Falls 3 |
| BOTTOM OF THE 8TH |
|
Great Falls Voyagers batting - Pitching for Minot Jets : RHP Mike Villa
|
|
Batting: RHB Jose Gomez
|
0-0: Foul Ball, location: 2F 0-1: Ball 1-1: Foul Ball, location: 2F 1-2: Ground out 4-3 (Groundball, 4, EV 86.9 MPH)
|
|
Batting: SHB John Kanter
|
0-0: Ground out U3 (Groundball, 3, EV 94.4 MPH)
|
|
Batting: SHB Gerald Young
|
0-0: Fly out, F7 (Line Drive, 7D, EV 87.5 MPH)
|
| Bottom of the 8th over - 0 runs, 0 hits, 0 errors, 0 left on base; Minot 0 - Great Falls 3 |
| TOP OF THE 9TH |
|
Minot Jets batting - Pitching for Great Falls Voyagers : RHP Brian Roerden
|
|
Now in LF: Mac Powers
|
|
|
Batting: RHB William Phillips
|
0-0: Called Strike 0-1: Foul Ball, location: 2F 0-2: Foul Ball, location: 2F 0-2: Ball 1-2: Strikes out swinging
|
|
Batting: LHB Douglas Reibel
|
0-0: Foul Ball, location: 2F 0-1: Foul Ball, location: 2F 0-2: Fly out, F8 (Flyball, 8LD, EV 91.9 MPH)
|
|
Batting: RHB Anthony Garcia
|
0-0: Ball 1-0: Ball 2-0: Foul Ball, location: 2F 2-1: Ball 3-1: Called Strike 3-2: Foul Ball, location: 2F 3-2: Strikes out swinging
|
| Top of the 9th over - 0 runs, 0 hits, 0 errors, 0 left on base; Minot 0 - Great Falls 3 |
|